 Dungeon Crawl Stone Soup version 0.19.5 (webtiles) character file.

3 tidbits the Covered (level 1, 0/13 HPs)
             Began as a High Elf Wanderer on Oct 31, 2017.
             Slain by Natasha (6 damage)
             ... on level 2 of the Dungeon.
             The game lasted 00:01:42 (142 turns).

tidbits the Covered (High Elf Wanderer)              Turns: 142, Time: 00:01:43

Health: 0/13       AC:  8    Str: 11    XL:     1   Next: 41%
Magic:  4/4        EV:  9    Int: 14    God:
Gold:   17         SH:  0    Dex: 15    Spells: 0 memorised, 4 levels left

rFire  + . .     SeeInvis .     a - +0 dagger
rCold  . . .     Gourm    .     B - +2 scale mail {rF+}
rNeg   . . .     Faith    .     (no shield)
rPois  .         Spirit   .     (no helmet)
rElec  .         Reflect  .     (no cloak)
rCorr  .         Harm     .     (no gloves)
MR     .....                    (no boots)
Stlth  ..........               (no amulet)
                                (no ring)
                                (no ring)

@: no status effects
A: no striking features
a: no special abilities


You were on level 2 of the Dungeon.
You were not hungry.

You visited 1 branch of the dungeon, and saw 2 of its levels.

You collected 17 gold pieces.

Inventory:

Hand Weapons
 a - a +0 dagger (weapon)
Missiles
 e - 21 sling bullets
Armour
 f - a +0 ring mail
 B - a +2 scale mail of fire resistance (worn)
   (You found it on level 2 of the Dungeon)
Scrolls
 g - a scroll of identify {unknown}
 h - a scroll of recharging {unknown}
Books
 b - the Reference Book on the Compass

   Spells                             Type                      Level
   a - Shroud of Golubria             Charms/Translocation         2
   b - Blink                          Translocation                2
 d - a book of Flames

   Spells                             Type                      Level
   a - Flame Tongue                   Conjuration/Fire             1
   b - Throw Flame                    Conjuration/Fire             2
   c - Conjure Flame                  Conjuration/Fire             3
   d - Inner Flame                    Hexes/Fire                   3
   e - Sticky Flame                   Conjuration/Fire             4
   f - Fireball                       Conjuration/Fire             5
Comestibles
 c - a bread ration


   Skills:
 - Level 1.0 Fighting
   Level 1.3 Bows
 - Level 2.6 Armour
 + Level 1.0 Dodging
   Level 1.0 Shields
 - Level 2.4 Spellcasting
   Level 1.0 Fire Magic
   Level 1.0 Evocations


You had 4 spell levels left.
You didn't know any spells.

Dungeon Overview and Level Annotations

Branches:
Dungeon (2/15)

Altars:

Annotations:
D:2 Natasha


Message History

You hit the giant cockroach but do no damage.
The giant cockroach is severely wounded.
The giant cockroach bites you but does no damage.
You closely miss the giant cockroach.
The giant cockroach is severely wounded.
The giant cockroach closely misses you.
You closely miss the giant cockroach.
The giant cockroach is severely wounded.
The giant cockroach completely misses you.
Your ring mail prevents you from hitting the giant cockroach.
The giant cockroach is severely wounded.
The giant cockroach bites you but does no damage.
The giant cockroach closely misses you.
You completely miss the giant cockroach.
The giant cockroach is severely wounded.
The giant cockroach barely misses you.
You hit the giant cockroach but do no damage.
The giant cockroach is severely wounded.
The giant cockroach closely misses you.
You closely miss the giant cockroach.
The giant cockroach is severely wounded.
The giant cockroach closely misses you.
Put on which piece of jewellery? (? for menu, Esc to quit)
Oops, that ring feels deathly cold.
h - a cursed -3 ring of slaying (left hand)
The giant cockroach closely misses you.
As you read the scroll labeled YSTRUA RUISCHAPT, it crumbles to dust.
You feel as if something is helping you.
It was a scroll of remove curse.
The giant cockroach bites you but does no damage.
Drop what? 8/52 slots (_ for help) (? for menu, Esc to quit)
You remove your -3 ring of slaying.
The giant cockroach bites you but does no damage.
You drop a -3 ring of slaying.
The giant cockroach barely misses you.
You hit the giant cockroach but do no damage.
The giant cockroach is severely wounded.
The giant cockroach bites you but does no damage.
You hit the giant cockroach but do no damage.
The giant cockroach is severely wounded.
The giant cockroach bites you but does no damage.
You hit the giant cockroach.
You kill the giant cockroach!
You see here a giant cockroach corpse.
You see here a runed scale mail.
f - a runed scale mail Wear which item? (? for menu, Esc to quit)
You start removing your armour.
You continue taking off your +0 ring mail. x4
You finish taking off your +0 ring mail.
You start putting on your armour.
You continue putting on your runed scale mail. x5
You finish putting on your +2 scale mail of fire resistance.
You feel resistant to fire.
Adjust (i)tems, (s)pells, or (a)bilities?
Adjust which item? (? for menu, Esc to quit)
f - a +2 scale mail of fire resistance (worn)
Adjust to which letter? (? for menu, Esc to quit)
B - a +2 scale mail of fire resistance (worn)
f - a +0 ring mail A frilled lizard comes into view.
The frilled lizard hisses angrily.
Found a scroll labeled NIEDWASTRUNT.
You hit the frilled lizard.
You kill the frilled lizard!
Your Dodging skill increases to level 1!
You see here a frilled lizard corpse.
Found 10 gold pieces.
As you open the door, it creaks loudly!
h - a scroll labeled NIEDWASTRUNT As you open the door, it creaks loudly!
You now have 10 gold pieces.
Found 7 gold pieces.
You now have 17 gold pieces (gained 7).
Natasha, Servant of Life and Death comes into view.
As you open the door, it creaks loudly!
You hear an angry hiss.
There is an open door here.
Natasha opens the door.
You aren't carrying any potions.
Unknown command.
Okay, then.
An adder comes into view.
The adder hisses angrily.
There is an open door here.
Natasha stares at you and mumbles some strange words.
The magic dart hits you!
You aren't carrying any potions.
Unknown command.
Okay, then.
Okay, then.
You hit Natasha but do no damage. Natasha casts a spell at you.
You resist with significant effort.
You hit Natasha but do no damage. Natasha claws you!
Ouch! That really hurt!
* * * LOW HITPOINT WARNING * * *
You closely miss Natasha.
Natasha wildly gestures.
Natasha glows brightly for a moment.
Natasha claws you.
You die...

#........#.#######.
#...# #.........
#...###############
#.................†
#..########.......#
#####.........'.......'
#....#.########.......#
+....'.................
#....#@#.....##.......#
#....#h#..... #.......#
#....S'.+ ....
#.......# #.....#.#
.... #.......#
#.....#.# ##. #########
#.....#.# #.##....# ..
#....# ..#


You could see Natasha.

Vanquished Creatures
  A giant cockroach (D:2)
  A hobgoblin (D:1)
  A frilled lizard (D:2)
3 creatures vanquished.

Notes
Turn   | Place    | Note
-------+----------+-------------------------------------------
     0 | D:1      | tidbits the High Elf Wanderer began the quest for the Orb.
     0 | D:1      | tidbits set off with: a book of Flames, the Reference Book on the Compass, a +0 ring mail, a +0 dagger, a bread ration
     0 | D:1      | Reached XP level 1. HP: 13/13 MP: 4/4
     0 | D:1      | Identified the Reference Book on the Compass
   101 | D:2      | Reached skill level 1 in Dodging
   132 | D:2      | Noticed Natasha
   142 | D:2      | Slain by Natasha

Skill      XL: |  1 |
---------------+----+-----
Dodging        | 1 |  1.0
Fighting       | |  1.0
Bows           | |  1.3
Armour         | |  2.6
Shields        | |  1.0
Spellcasting   | |  2.4
Fire Magic     | |  1.0
Evocations     | |  1.0

Action                   || total
-------------------------++-------
Melee: Dagger            ||    29
  Use: Scroll            ||     1
Armor: Ring mail         ||    10
       Scale mail        ||     1
Dodge: Dodged            ||    14

Table legend:
 A = Turns spent in this place as a percentage of turns spent in the entire game.
 B = Non-inter-level travel turns spent in this place as a percentage of non-inter-level travel turns spent in the entire game.
 C = Inter-level travel turns spent in this place as a percentage of turns spent in this place.
 D = Turns resting spent in this place as a percentage of non-inter-level travel turns spent in this place.
 E = Turns spent auto-exploring this place as a percentage of non-inter-level travel turns spent in this place.
 F = Non-inter-level travel turns spent in this place divided by the number of levels of this place that you've seen.
                   A       B       C       D       E      F
               +-------+-------+-------+-------+-------+----------------------
         Total | 100.0 | 100.0 |   0.0 |   0.0 |   0.0 |  69.5
       Dungeon | 100.0 | 100.0 |   0.0 |   0.0 |   0.0 |  69.5
               +-------+-------+-------+-------+-------+----------------------

Table legend:
 A = Kills in this place as a percentage of kills in entire the game.
 B = Kills by you in this place as a percentage of kills by you in the entire game.
 C = Kills by friends in this place as a percentage of kills by friends in the entire game.
 D = Other kills in this place as a percentage of other kills in the entire game.
 E = Experience gained in this place as a percentage of experience gained in the entire game.
 F = Experience gained in this place divided by the number of levels of this place that you have seen.
                   A       B       C       D       E      F
               +-------+-------+-------+-------+-------+----------------------
         Total | 100.0 | 100.0 |  -nan |  -nan | 100.0 |   2.5
       Dungeon | 100.0 | 100.0 |  -nan |  -nan | 100.0 |   2.5
               +-------+-------+-------+-------+-------+----------------------

Vault maps used:
D:1:      ncdulo_lavacross
D:2:      first_bread, uniq_natasha
